 Dungeon Crawl Stone Soup version 0.29.1-13-g9f3cf754e1 (webtiles) character file.

Game seed: 4139714412997171894

40 jondo1214 the Trooper (level 3, -4/33 HPs)
             Began as a Hill Orc Fighter on Jan 28, 2023.
             Slain by an ogre
             ... wielding a +0 giant spiked club
              (21 damage)
             ... on level 4 of the Dungeon.
             The game lasted 00:05:33 (2244 turns).

jondo1214 the Trooper (Hill Orc Fighter)            Turns: 2244, Time: 00:05:34

Health: -4/33      AC:  9    Str: 20    XL:     3   Next: 50%
Magic:  3/3        EV:  9    Int:  8    God:
Gold:   223        SH:  4    Dex: 10    Spells: 2/2 levels left

rFire   . . .      SeeInvis .   a - +0 war axe
rCold   . . .      Faith    .   c - +0 buckler
rNeg    . . .      Spirit   .   b - +0 scale mail
rPois   .          Reflect  .   (no helmet)
rElec   .          Harm     .   h - +1 cloak
rCorr   +          Rampage  .   (no gloves)
Will    .....                   (no boots)
Stlth   ..........              (no amulet)
HPRegen 0.11/turn               f - ring of resist corrosion
MPRegen 0.08/turn               (no ring)

@: no status effects
A: no striking features
a: no special abilities


You were on level 4 of the Dungeon.
You visited 1 branch of the dungeon, and saw 4 of its levels.

You collected 223 gold pieces.

Inventory:

Hand Weapons
 a - a +0 war axe (weapon)
 n - a +1 vorpal mace
Armour
 b - a +0 scale mail (worn)
 c - a +0 buckler (worn)
 h - a +1 cloak (worn)
 s - a scarf of harm
Jewellery
 f - a ring of resist corrosion (left hand)
Wands
 p - a wand of digging (4)
Potions
 d - a potion of might
 e - 3 potions of resistance
 g - a potion of haste
 i - 2 potions of curing
 j - a potion of berserk rage
 k - 2 potions of attraction
 l - 4 potions of mutation
 m - a potion of heal wounds
 r - 2 potions of lignification {unknown}


   Skills:
 * Level 3.9 Fighting
 * Level 3.8 Axes
 * Level 3.8 Armour
 * Level 3.5 Shields


You had 2 spell levels left.
You didn't know any spells.
Your spell library contained the following spells:

 Spells                   Type           Power      Damage    Failure   Level
 Gell's Gravitas          Tloc           0%         N/A       99%         3
 Lesser Beckoning         Tloc           0%         N/A       99%         3
 Teleport Other           Tloc           0%         N/A       99%         3
 Animate Armour           Summ/Erth      0%         N/A       100%        4
 Blade Hands              Tmut           0%         N/A       100%        5
 Iron Shot                Conj/Erth      0%         9d1       100%        6


Dungeon Overview and Level Annotations

Branches:
Dungeon (4/15)
 Temple: D:4-7

Altars:

Shops:
D:1 ?


Message History

You barely miss the kobold.
The kobold shouts!
The kobold hits you but does no damage. The kobold hits you with a +0 dagger.
You barely miss the kobold. The kobold hits you but does no damage.
You barely miss the kobold. The kobold hits you but does no damage.
You slash the kobold!
You kill the kobold!
You hit the kobold.
You kill the kobold!
Things that are here:
a +0 dagger; a +0 dagger; 4 stones You hear the slow rusting of a distant drain.
Found a runed scarf.
Found a viscous puce potion.
You see here a scarf of harm.
s - a scarf of harm
r - 2 viscous puce potions (gained 1)
As you read the scroll labelled TAJUSM PAAZU, it crumbles to dust.
It is a scroll of amnesia.
You feel forgetful for a moment.
As you read the scroll labelled EGAUBITUCK, it crumbles to dust.
It is a scroll of enchant armour.
Your +0 cloak glows green for a moment.
Found a stone.
Found a stone staircase leading up.
An ogre comes into view. It is wielding a +0 giant spiked club.
The ogre shouts!
You hear a shout! x2
An adder comes into view.
The ogre hits you with a +0 giant spiked club.
You hit the ogre.
The ogre is moderately wounded.
The ogre hits you with a +0 giant spiked club!
You barely miss the ogre.
The ogre is moderately wounded.
The ogre closely misses you.
You hit the ogre.
The ogre is moderately wounded.
A giant cockroach comes into view.
The ogre hits you with a +0 giant spiked club!!
Ouch! That really hurt!
You die...

.....#..# ..♣.....# ..
........# .♣ ♣.♣.♣...#
.. ........# ..
.B♣.♣.S.# ..
......O.####### ..
..(.....@..<.... ..
............#.... ..
.............# . ..
.............## ...
............## ....
#...........#
...###...........###..#
........................
.................###....


You could see an ogre, an adder and a giant cockroach (wandering).

Vanquished Creatures
  2 worms
  An orc (D:4)
  A ball python (D:2)
  2 endoplasms
  4 giant cockroaches (D:2)
  3 goblins
  4 hobgoblins
  3 jackals (D:2)
  4 kobolds
  A bat (D:3)
  3 rats
28 creatures vanquished.

Vanquished Creatures (others)
  A plant (D:1)
1 creature vanquished.

Grand Total: 29 creatures vanquished

Notes
Turn   | Place    | Note
-------+----------+-------------------------------------------
     0 | D:1      | jondo1214 the Hill Orc Fighter began the quest for the Orb.
     0 | D:1      | Reached XP level 1. HP: 19/19 MP: 1/1
   168 | D:1      | Found Musteorph's Magic Scroll Boutique.
   314 | D:1      | Found a faded altar of an unknown god.
   503 | D:2      | Reached XP level 2. HP: 27/27 MP: 2/2
  1025 | D:2      | Reached XP level 3. HP: 22/33 MP: 3/3
  2238 | D:4      | Noticed an ogre
  2244 | D:4      | Slain by an ogre

Illustrated notes

Levels and vault maps discovered:
D:1:      giann_bridges, layout_rooms, serial_shops, nicolae_lakefront_shop,
          shapermc_ecumenical_altar_hornbeckon
D:2:      layout_loops_ring, solitary_fountain
D:3:      layout_basic
D:4:      layout_cave_pools, serial_park, serial_park_square1
          [serial_park_minivault_5x5_1], serial_park_fountain,
          serial_park_square2, gup_sewer_entry_glass, uniq_crazy_yiuf_cottage

Skill      XL: |  1  2 |
---------------+-------+-----
Axes           | 3 |  3.8
Fighting       | |  3.9
Armour         | |  3.8
Shields        | |  3.5

Action                   || total
-------------------------++-------
Melee: War axe           ||    84
  Use: Scroll            ||    12
Armor: Scale mail        ||    24
Dodge: Dodged            ||    44
Block: Buckler           ||    15
